 Dungeon Crawl Stone Soup version 0.22.1-1-ga44c0e5 (webtiles) character file.

1631 joejoepie the Basher (level 8, -6/84 HPs)
             Began as an Ogre Berserker on Oct 24, 2018.
             Was a Priest of Trog.
             Mangled by a gnoll
             ... wielding a +0 halberd
              (11 damage)
             ... in a bailey.
             The game lasted 00:21:29 (6774 turns).

joejoepie the Basher (Ogre Berserker)               Turns: 6774, Time: 00:21:29

Health: -6/84      AC:  6    Str: 26    XL:     8   Next: 98%
Magic:  0/8        EV: 11    Int:  6    God:    Trog [***...]
Gold:   29         SH:  0    Dex:  8    Spells: 7/7 levels left

rFire    . . .     SeeInvis .   C - +4 quarterstaff (chaos)
rCold    + . .     Gourm    .   (shield currently unavailable)
rNeg     . . .     Faith    .   n - +0 animal skin
rPois    .         Spirit   +   (helmet restricted)
rElec    .         Reflect  .   D - +0 cloak
rCorr    .         Harm     .   (gloves unavailable)
MR       .....                  (boots unavailable)
Stlth    ++........             l - amulet of guardian spirit
HPRegen  0.24/turn              z - ring of protection from cold
MPRegen  0.11/turn              (no ring)

@: berserk cooldown, slowed, very slow
A: large, unfitting armour, yellow scales 1, dopey 1, strong 1, tough skin 1
a: Berserk, Trog's Hand, Renounce Religion


You were in a bailey.
You worshipped Trog.
Trog was most pleased with you.
You were hungry.

You visited 1 branch of the dungeon, and saw 9 of its levels.
You also visited: Bailey.

You collected 305 gold pieces.
You spent 276 gold pieces at shops.

Inventory:

Hand Weapons
 a - a +1 mace
 b - a +0 hunting sling
 i - a -2 dagger
 p - a +0 hunting sling
 C - a +4 quarterstaff of chaos (weapon)
Missiles
 e - 286 stones (quivered)
 y - 9 tomahawks
 A - 37 bolts
Armour
 f - a +0 ring mail
 g - a scarf of repulsion
 n - a +0 animal skin (worn)
 D - a +0 cloak (worn)
Jewellery
 l - an amulet of guardian spirit (around neck)
 v - an uncursed amulet of harm {unknown}
 z - a ring of protection from cold (left hand)
Wands
 j - a wand of paralysis (10)
 o - a wand of enslavement (10)
 u - a wand of flame (31)
 B - a wand of digging (11)
Scrolls
 d - 4 scrolls of identify
 k - 2 scrolls of fog
 m - 3 scrolls of blinking
 q - 3 scrolls of fear
 r - 2 scrolls of immolation
 w - 5 scrolls of remove curse
 E - a scroll of teleportation
Potions
 h - 4 potions of curing
 s - a potion of cancellation {unknown}
 t - a potion of resistance {unknown}
 x - a potion of heal wounds
Comestibles
 c - 9 rations
 F - 7 chunks of flesh


   Skills:
 + Level 6.8 Fighting
 + Level 8.1(8.2) Maces & Flails
 + Level 0.5(5.5) Staves
 + Level 1.0(1.3) Slings
 + Level 1.7(2.0) Throwing
 + Level 4.6 Dodging
 + Level 1.9 Stealth


You had 7 spell levels left.
You didn't know any spells.
Your spell library was empty.

Dungeon Overview and Level Annotations

Branches:
Dungeon (9/15)             Temple (0/1) D:7
   Lair: D:8-11         Orc: D:9-12

Altars:
Cheibriados
Fedhas
Nemelex Xobeh
Ru
Sif Muna
Xom

Shops:
D:9 ?

Annotations:
D:8 1 runed door


Innate Abilities, Weirdness & Mutations

You are too large for most types of armour.
You have tough skin. (AC +1)
You are partially covered in yellow scales. (AC +2)
You are dopey. (Int -2)
Your muscles are strong. (Str +2)


Message History

The gnoll sergeant suddenly stops moving!
The gnoll sergeant is almost dead.
The gnoll misses you. The gnoll closely misses you.
The helpless gnoll sergeant fails to defend itself.
You sock the gnoll sergeant!
You kill the gnoll sergeant!
Trog accepts your kill. The gnoll closely misses you.
The gnoll hits you with a halberd!
* * * LOW HITPOINT WARNING * * *
The gnoll barely misses you. The gnoll misses you.
Things that are here:
a glaive; a chain mail; a gnoll corpse You are too berserk!
You feel a strong urge to attack something.
You are no longer berserk.
You are exhausted.
You feel yourself slow down.
The gnoll hits you from afar with a halberd!
You die...

♣.♣ ♣♣÷♣♣ ♣♣.))♣♣♣♣
♣♣♣♣.......♣♣
♣♣♣...........♣♣
♣♣...............♣
♣♣≈≈≈≈≈≈≈...≈≈≈≈≈≈≈
♣≈≈.)gg...........≈
♣≈.@)gg............
♣≈.######'''######.
♣≈.# #...# ♣≈##
#...# ♣≈ #...# ♣≈
##g## ♣≈


.gg ♣≈ ..gg. ♣≈ ....... You could see 4 gnolls.

Vanquished Creatures
  Duvessa (D:7)
  2 ogres (D:5)
  A phantom (D:7)
  4 centaurs
  A bullfrog (D:7)
  2 gnoll sergeants (Bailey)
  Dowan (D:7)
  3 scorpions
  A crimson imp (D:5)
  2 jellies
  4 hounds
  A bullfrog skeleton (D:4)
  A gnoll shaman (Bailey)
  Crazy Yiuf (D:7)
  2 orc wizards (D:7)
  2 worker ants
  2 gnolls (Bailey)
  5 adders
  A shadow imp (D:6)
  An adder skeleton (D:4)
  2 worms
  A dart slug (D:1)
  8 leopard geckos
  10 orcs
  8 giant cockroaches
  9 goblins
  5 hobgoblins
  2 jackals (D:4)
  3 quokkas
  4 ball pythons
  A ball python skeleton (D:4)
  5 bats
  10 frilled lizards
  5 kobolds
  A quokka skeleton (D:4)
  9 rats
121 creatures vanquished.

Notes
Turn   | Place    | Note
-------+----------+-------------------------------------------
     0 | D:1      | joejoepie the Ogre Berserker began the quest for the Orb.
     0 | D:1      | Reached XP level 1. HP: 24/24 MP: 1/1
    96 | D:1      | Reached XP level 2. HP: 29/32 MP: 2/2
   269 | D:1      | Reached skill level 3 in Maces & Flails
   564 | D:1      | Reached XP level 3. HP: 31/40 MP: 3/3
   837 | D:1      | Reached ** piety under Trog
  1102 | D:2      | Found a sparkling altar of Nemelex Xobeh.
  1217 | D:2      | Gained mutation: You are partially covered in yellow
                  | scales. (AC +2) [potion of mutation]
  1217 | D:2      | Gained mutation: You are dopey. (Int -2) [potion of
                  | mutation]
  1217 | D:2      | Gained mutation: Your muscles are strong. (Str +2) [potion
                  | of mutation]
  1303 | D:2      | Found a snail-covered altar of Cheibriados.
  1305 | D:2      | Found a shimmering altar of Xom.
  1311 | D:2      | Found a sacrificial altar of Ru.
  1314 | D:2      | Found a blossoming altar of Fedhas.
  1435 | D:2      | Found a deep blue altar of Sif Muna.
  1559 | D:3      | Reached XP level 4. HP: 38/49 MP: 4/4
  1562 | D:3      | Found a faded altar of an unknown god.
  1910 | D:3      | Reached skill level 4 in Maces & Flails
  2044 | D:4      | Reached XP level 5. HP: 27/55 MP: 5/5
  2697 | D:4      | Reached skill level 5 in Fighting
  2712 | D:4      | Reached skill level 5 in Maces & Flails
  2712 | D:4      | Reached XP level 6. HP: 51/66 MP: 6/6
  3205 | D:4      | Reached *** piety under Trog
  3236 | D:5      | Entered Level 5 of the Dungeon
  3724 | D:5      | Reached XP level 7. HP: 67/72 MP: 7/7
  3925 | D:5      | Reached skill level 1 in Stealth
  4379 | D:5      | Reached skill level 6 in Maces & Flails
  4733 | D:6      | Reached skill level 1 in Slings
  5254 | D:7      | Reached XP level 8. HP: 83/83 MP: 8/8
  5292 | D:7      | Noticed Duvessa
  5293 | D:7      | Noticed Dowan
  5334 | D:7      | Killed Duvessa
  5334 | D:7      | Reached skill level 1 in Throwing
  5350 | D:7      | Killed Dowan
  5612 | D:7      | Reached skill level 7 in Maces & Flails
  5817 | D:7      | Found a staircase to the Ecumenical Temple.
  6159 | D:7      | Found a runed door.
  6163 | D:7      | Noticed Crazy Yiuf
  6170 | D:7      | Paralysed by Crazy Yiuf for 3 turns
  6174 | D:7      | Killed Crazy Yiuf
  6480 | D:8      | Found a runed door.
  6480 | D:8      | Noticed a two-headed ogre
  6501 | D:9      | Found Bauda's Magic Scroll Shoppe.
  6505 | D:9      | Bought a scroll of fear for 42 gold pieces
  6505 | D:9      | Bought a scroll of identify for 24 gold pieces
  6505 | D:9      | Bought a scroll of identify for 24 gold pieces
  6505 | D:9      | Bought a scroll of blinking for 90 gold pieces
  6505 | D:9      | Bought a scroll of teleportation for 36 gold pieces
  6505 | D:9      | Bought a scroll of fog for 24 gold pieces
  6505 | D:9      | Bought a scroll of remove curse for 36 gold pieces
  6588 | D:9      | Found a flagged portal.
  6597 | Bailey   | Entered a bailey
  6767 | Bailey   | Reached skill level 8 in Maces & Flails
  6774 | Bailey   | Mangled by a gnoll

Skill      XL: |  1  2  3  4  5  6  7  8 |
---------------+-------------------------+-----
Maces & Flails | 3 4 5 6 8 |  8.1
Dodging        | 3 4 |  4.6
Fighting       | 5 6 |  6.8
Stealth        | 1 |  1.9
Slings         | 1 |  1.0
Throwing       | 1 |  1.7
Staves         | |  0.5

Action                   |  1- 3 |  4- 6 |  7- 9 || total
-------------------------+-------+-------+-------++-------
Melee: Mace              |   127 |   148 |   143 ||   418
       Dagger            |    36 |       |       ||    36
       Quarterstaff      |       |       |    26 ||    26
 Fire: Hunting sling     |       |     4 |       ||     4
Throw: Stone             |       |       |    29 ||    29
Invok: Berserk           |       |       |     4 ||     4
       Trog's Hand       |       |       |     1 ||     1
  Use: Scroll            |     7 |     2 |     2 ||    11
       Potion            |     4 |     1 |       ||     5
 Stab: Sleeping          |     1 |       |     1 ||     2
       Paralysed         |       |       |     1 ||     1
  Eat: Chunk             |     2 |     4 |     3 ||     9
       Ration            |       |     1 |     3 ||     4
Armor: Animal skin       |    49 |    51 |    43 ||   143
Dodge: Dodged            |   103 |    85 |    90 ||   278
       Deflected         |     3 |     2 |     6 ||    11
